 Dungeon Crawl Stone Soup version 0.23-a0-650-ga4d50d4d25 (webtiles) character file.

8074 Mazzaar the Geomancer (level 11, -11/64 HPs)
             Began as a Gargoyle Earth Elementalist on Jan 5, 2019.
             Was a Priest of Vehumet.
             Killed from afar by a gargoyle (26 damage)
             ... with a stone arrow
             ... on level 10 of the Dungeon.
             The game lasted 00:42:38 (11226 turns).

Mazzaar the Geomancer (GrEE)                       Turns: 11226, Time: 00:42:39

Health: -11/64     AC: 15    Str: 14    XL:     11   Next: 25%
Magic:  8/21       EV: 13    Int: 28    God:    Vehumet [***...]
Gold:   547        SH:  0    Dex: 10    Spells: 13/24 levels left

rFire    . . .     SeeInvis .   h - +4 spear
rCold    . . .     Gourm    .   (no shield)
rNeg     + . .     Faith    .   c - +0 robe
rPois    ∞         Spirit   .   (no helmet)
rElec    +         Reflect  .   i - +1 cloak
rCorr    .         Harm     .   y - +2 pair of gloves {Str+3}
MR       .....                  (no boots)
Stlth    ++........             (no amulet)
HPRegen  0.20/turn              a - +4 ring of intelligence
MPRegen  0.17/turn              t - +4 ring of intelligence

@: no status effects
A: negative energy resistance 1, electricity resistance, unbreathing,
petrification resistance, rot immunity, AC +8
a: Renounce Religion


You were on level 10 of the Dungeon.
You worshipped Vehumet.
Vehumet was most pleased with you.
You were very hungry.

You visited 2 branches of the dungeon, and saw 11 of its levels.
You also visited: Bailey.

You collected 547 gold pieces.

Inventory:

Hand Weapons
 h - a +4 spear (weapon)
Missiles
 b - 33 stones (quivered)
 m - a throwing net
Armour
 c - a +0 robe (worn)
 i - a +1 cloak (worn)
 y - a +2 pair of gloves of strength (worn)
Magical Staves
 r - an uncursed staff of fire {unknown}
Jewellery
 a - a +4 ring of intelligence (left hand)
 e - an uncursed ring of flight
 f - an uncursed ring of ice
 t - a +4 ring of intelligence (right hand)
Wands
 j - a wand of polymorph (10)
 p - a wand of disintegration (4)
 q - a wand of clouds (3)
 w - a wand of iceblast (5)
Potions
 g - 2 potions of cancellation
 l - a potion of heal wounds
 n - 2 potions of lignification
 o - a potion of ambrosia
 s - 3 potions of flight
 v - a potion of curing
 x - 2 potions of haste {unknown}
Comestibles
 d - 17 rations


   Skills:
 + Level 5.4 Fighting
 + Level 4.4 Polearms
 + Level 5.4 Armour
 + Level 4.5 Dodging
 - Level 2.1 Stealth
 + Level 7.0 Spellcasting
 + Level 7.7 Conjurations
 - Level 0.7 Transmutations
 + Level 9.6 Earth Magic
 + Level 4.5 Evocations


You had 13 spell levels left.
You knew the following spells:

 Your Spells              Type           Power        Failure   Level  Hunger
a - Sandblast             Erth           ######       1%          1    None
b - Stone Arrow           Conj/Erth      ######       1%          3    None
c - Lee's Rapid Deconstr  Erth           ######....   1%          5    #####..
d - Passwall              Tmut/Erth      #####...     1%          2    None

Your spell library contained the following spells:

 Spells                   Type           Power        Failure   Level  Hunger
 Airstrike                Air            #.........   14%         4    ##.....
 Beastly Appendage        Tmut           ##....       4%          1    None
 Sticks to Snakes         Tmut           ##......     6%          2    None
 Petrify                  Tmut/Erth      #####...     6%          4    ##.....
 Spider Form              Tmut/Pois      ##........   14%         3    None
 Ice Form                 Ice/Tmut       ##......     43%         4    ##.....
 Blade Hands              Tmut           ##........   75%         5    #####..


Dungeon Overview and Level Annotations

Branches:
Dungeon (10/15)            Temple (1/1) D:5            Lair (0/6) D:10
    Orc: D:9-12

Altars:
Ashenzari
Cheibriados
Dithmenos
Elyvilon
Fedhas
Gozag
Hepliaklqana
Kikubaaqudgha
Makhleb
Nemelex Xobeh
Okawaru
Qazlal
Ru
Sif Muna
Trog
Uskayaw
Vehumet
Wu Jian
Xom
Yredelemnul
Zin
The Shining One

Shops:
D:5 =   D:7 %   D:8 *

Annotations:
D:8 exclusion: oklob plant


Innate Abilities, Weirdness & Mutations

You are resistant to torment.
Your stone body is resilient. (AC +8)
You are immune to poison.
You resist negative energy. (rN+)
You are resistant to electric shocks. (rElec)
You can survive without breathing.
You are immune to petrification.
You are immune to rotting.


Message History

The wall shatters!
The blast of rock fragments hits the yak.
The yak is severely wounded.
The blast of rock fragments hits the yak.
You kill the yak!
Vehumet accepts your kill.
A gargoyle comes into view. It is wielding a +0 mace.
Unknown command.
You feel much better.
You are feeling very hungry.
The gargoyle hurls a stone arrow at you.
The stone arrow hits you!
The gargoyle hurls a stone arrow at you.
The stone arrow hits you!
The gargoyle hurls a stone arrow at you.
The stone arrow hits you!
* * * LOW HITPOINT WARNING * * *
The gargoyle hurls a stone arrow at you.
The stone arrow hits you!
You die...

#Y####....#.......
#Y........#.......
#.........#.......
#Y....... #.......
#........ +.......
#........ #.......
#....9... #.......
#Y....... #.......
#@####### #.......
#....)... #.....<.
#........ ########
#........
#........
#........
#........
#........


You could see 3 yaks and a gargoyle.

Vanquished Creatures
  2 two-headed ogres
  Pikel (D:6)
  An ugly thing (D:8)
  Maurice (D:8)
  A troll (D:9)
  A hippogriff (D:7)
  2 yaks (D:10)
  Sigmund (D:2)
  2 hungry ghosts
  2 ice beasts
  2 sky beasts
  A slave (D:6)
  6 orc warriors
  4 black bears
  8 ogres
  3 phantoms
  3 centaurs
  2 bullfrogs
  3 scorpions
  5 wights (D:7)
  A howler monkey (D:4)
  9 crimson imps
  A centaur zombie (D:9)
  3 hounds
  Crazy Yiuf (D:6)
  3 bullfrog skeletons
  A gnoll shaman (D:5)
  2 orc priests (D:4)
  12 jellies
  A centaur skeleton (D:7)
  2 iguanas
  5 orc wizards
  5 worker ants
  4 hound skeletons
  2 hound zombies
  A worker ant zombie (D:10)
  5 gnolls
  6 adders
  4 shadow imps
  9 oozes
  An adder skeleton (D:9)
  A worm (D:5)
  A dart slug (D:2)
  4 leopard geckos
  21 orcs
  4 giant cockroaches
  10 goblins
  7 hobgoblins
  2 jackals (D:1)
  3 quokkas
  2 ball pythons
  2 bats
  5 frilled lizards
  16 kobolds
  A leopard gecko skeleton (D:4)
  7 rats
215 creatures vanquished.

Vanquished Creatures (collateral kills)
  A jelly (D:8)
1 creature vanquished.

Vanquished Creatures (others)
  A bullfrog (D:6)
  An orc wizard (D:6)
  An adder zombie (D:6)
  An orc (D:6)
  8 fungi (D:8)
12 creatures vanquished.

Grand Total: 228 creatures vanquished

Notes
Turn   | Place    | Note
-------+----------+-------------------------------------------
     0 | D:1      | Mazzaar the Gargoyle Earth Elementalist began the quest for
                  | the Orb.
     0 | D:1      | Reached XP level 1. HP: 10/10 MP: 3/3
    84 | D:1      | Reached XP level 2. HP: 15/15 MP: 1/5
    85 | D:1      | Reached skill level 4 in Earth Magic
   780 | D:1      | Reached XP level 3. HP: 19/19 MP: 4/6
   785 | D:1      | Learned a level 3 spell: Stone Arrow
  1671 | D:2      | Noticed Sigmund
  1686 | D:2      | Killed Sigmund
  1686 | D:2      | Reached skill level 5 in Earth Magic
  1686 | D:2      | Reached XP level 4. HP: 9/24 MP: 0/9
  1686 | D:2      | Reached XP level 5. HP: 10/28 MP: 0/10
  1739 | D:2      | Learned a level 5 spell: Lee's Rapid Deconstruction
  2336 | D:3      | Reached XP level 6. HP: 31/32 MP: 4/11
  2759 | D:3      | Found a glowing silver altar of Zin.
  2770 | D:3      | Found a basalt altar of Yredelemnul.
  2807 | D:3      | Learned a level 2 spell: Passwall
  3054 | D:3      | Noticed a phantom
  3060 | D:3      | Killed a phantom
  3235 | D:4      | Reached skill level 6 in Earth Magic
  3314 | D:4      | Noticed a sky beast
  3319 | D:4      | Killed a sky beast
  3319 | D:4      | Reached XP level 7. HP: 28/36 MP: 7/13
  3520 | D:4      | Found a sacrificial altar of Ru.
  3853 | D:4      | Reached skill level 7 in Earth Magic
  4152 | D:4      | Reached skill level 5 in Spellcasting
  4155 | D:4      | Reached skill level 5 in Conjurations
  4155 | D:4      | Reached XP level 8. HP: 32/41 MP: 0/15
  4525 | D:5      | Entered Level 5 of the Dungeon
  4533 | D:5      | Found Jasug's Jewellery Shoppe.
  4552 | D:5      | Found a staircase to the Ecumenical Temple.
  4559 | Temple   | Entered the Ecumenical Temple
  4900 | D:5      | Found a sparkling altar of Nemelex Xobeh.
  4927 | D:5      | Found a radiant altar of Vehumet.
  4937 | D:5      | Became a worshipper of Vehumet
  5005 | D:5      | Reached skill level 1 in Fighting
  5014 | D:5      | Reached skill level 1 in Armour
  5014 | D:5      | Reached skill level 1 in Evocations
  5630 | D:6      | Reached skill level 1 in Polearms
  5774 | D:6      | Found a burning altar of Makhleb.
  5998 | D:6      | Reached XP level 9. HP: 45/48 MP: 8/17
  6514 | D:6      | Reached * piety under Vehumet
  6514 | D:6      | Offered knowledge of Freeze by Vehumet.
  6515 | D:6      | Reached skill level 8 in Earth Magic
  6522 | D:6      | Noticed Pikel
  6544 | D:6      | Killed Pikel
  6939 | D:6      | Found a runed door.
  6943 | D:6      | Noticed Crazy Yiuf
  6945 | D:6      | Killed Crazy Yiuf
  7154 | D:6      | Found a white marble altar of Elyvilon.
  7386 | D:7      | Found a glowing silver altar of Zin.
  7516 | D:7      | Found a deep blue altar of Sif Muna.
  7671 | D:7      | Reached XP level 10. HP: 56/56 MP: 17/19
  7764 | D:7      | Found a snail-covered altar of Cheibriados.
  7764 | D:7      | Found a stormy altar of Qazlal.
  7847 | D:7      | Found Iresutoe's Food Shoppe.
  8045 | D:8      | Noticed Maurice
  8072 | D:8      | Killed Maurice
  8224 | D:8      | Noticed a white ugly thing
  8261 | D:8      | Found Xuoqanao's Demolitions Depot.
  8309 | D:8      | Found a flagged portal.
  8317 | Bailey   | Entered a bailey
  8364 | Bailey   | Offered knowledge of Shock by Vehumet.
  8431 | Bailey   | Reached ** piety under Vehumet
  9085 | Bailey   | Got steaming ice dragon scales
  9336 | D:8      | Reached skill level 9 in Earth Magic
  9344 | D:8      | Noticed a two-headed ogre
  9345 | D:8      | Killed a white ugly thing
  9352 | D:8      | Killed a two-headed ogre
  9702 | D:8      | Noticed an oklob plant
  9706 | D:8      | Offered knowledge of Conjure Flame by Vehumet.
  9888 | D:8      | Reached *** piety under Vehumet
  9895 | D:8      | Found a glowing golden altar of the Shining One.
 10075 | D:8      | Got a jewelled short sword
 10194 | D:8      | Reached skill level 5 in Fighting
 10195 | D:8      | Identified the cursed +1 short sword "Worm" {pierce, rN+}
                  | (You found it on level 8 of the Dungeon)
 10270 | D:9      | Offered knowledge of Airstrike by Vehumet.
 10456 | D:9      | Reached skill level 5 in Armour
 10456 | D:9      | Reached XP level 11. HP: 62/63 MP: 12/21
 10991 | D:10     | Entered Level 10 of the Dungeon
 11006 | D:10     | Found a staircase to the Lair.
 11117 | D:10     | Found a shattered altar of Ashenzari.
 11188 | D:10     | Noticed a two-headed ogre
 11215 | D:10     | Killed a two-headed ogre
 11226 | D:10     | Killed from afar by a gargoyle

Vault maps used:
D:1:      ncdulo_wetmaze
D:2:      uniq_sigmund
D:3:      zin_treasury, yredelemnul_altar_generic
D:4:      hangedman_ru_absence, first_ration
D:5:      minmay_chambers_of_threes, lemuel_coloured_pillars_altar,
          nemelex_xobeh_ov_fountains_minmay, minmay_temple_entry_crystal_x,
          serial_shops, shop, kennysheep_donut
D:6:      lemuel_doored_altar, old_standard_altar, uniq_pikel,
          uniq_crazy_yiuf_cottage
D:7:      lemuel_crystal_altar, gammafunk_temple_overflow_statue, basic_altar,
          serial_shops, kennysheep_mini_moat, grunt_ogre_cave,
          kennysheep_generic_room_14
D:8:      lemuel_slime, tso_oasis_becter, enter_bailey_3, nicolae_blasting_shop,
          minmay_diamond_spiral, uniq_maurice
D:10:     minmay_the_grid_octo_2x2, lair_entry_dummy,
          nicolae_ashenzari_panopticon
Temple:   grunt_temple_mini_profane
Bailey:   bailey_axe_4, bailey

Skill      XL: |  1  2  3  4  5  6  7  8  9 10 11 |
---------------+----------------------------------+-----
Earth Magic    | 4 5 6 7 8 9 |  9.6
Spellcasting   | 3 4 5 6 7 |  7.0
Conjurations   | 2 3 5 6 7 |  7.7
Fighting       | 2 3 5 |  5.4
Armour         | 2 3 5 |  5.4
Evocations     | 1 3 4 |  4.5
Polearms       | 1 3 4 |  4.4
Dodging        | 2 3 4 |  4.5
Stealth        | |  2.1
Transmutations | |  0.7

Action                   |  1- 3 |  4- 6 |  7- 9 | 10-12 || total
-------------------------+-------+-------+-------+-------++-------
Melee: Unarmed           |     1 |       |       |       ||     1
       Dagger            |    22 |     1 |       |       ||    23
       Spear             |       |    28 |   158 |   129 ||   315
 Cast: Sandblast         |    31 |    29 |   119 |    69 ||   248
       Stone Arrow       |     1 |     2 |     4 |    29 ||    36
       Lee's Rapid Decon |       |       |     9 |    17 ||    26
Evoke: Wand              |       |       |     3 |       ||     3
  Use: Scroll            |     2 |     3 |     6 |     9 ||    20
       Potion            |     2 |     1 |     2 |     2 ||     7
 Stab: Sleeping          |     2 |     3 |     1 |     3 ||     9
       Confused          |       |       |     1 |       ||     1
  Eat: Chunk             |     3 |     5 |    10 |     7 ||    25
       Ration            |       |       |     2 |     2 ||     4
Armor: Robe              |     9 |    11 |    80 |    64 ||   164
Dodge: Dodged            |    26 |    13 |   122 |   123 ||   284

Table legend:
 A = Non-vault XP
 B = Vault XP
 C = Vault XP percentage of total XP
 D = Non-vault monster count
 E = Vault monster count
 F = Vault count percentage of total count
                 A         B        C        D         E       F
            +---------+---------+-------+---------+---------+-------
      Total |    7735 |    3800 |  32.9 |     148 |      67 |  31.2
            +---------+---------+-------+---------+---------+-------
        D:1 |      44 |       0 |   0.0 |      20 |       0 |   0.0
        D:2 |      18 |     197 |  91.6 |      10 |       1 |   9.1
        D:3 |     234 |       0 |   0.0 |      15 |       0 |   0.0
        D:4 |     829 |       0 |   0.0 |      23 |       0 |   0.0
        D:5 |      31 |     375 |  92.4 |       2 |       9 |  81.8
        D:6 |    1100 |     693 |  38.7 |      22 |       2 |   8.3
        D:7 |    1326 |     162 |  10.9 |      21 |       2 |   8.7
        D:8 |    1389 |    1658 |  54.4 |      10 |      26 |  72.2
        D:9 |    1160 |       0 |   0.0 |      18 |       0 |   0.0
       D:10 |    1604 |       0 |   0.0 |       7 |       0 |   0.0
     Bailey |       0 |     715 | 100.0 |       0 |      27 | 100.0
            +---------+---------+-------+---------+---------+-------
